Map: Bel'Shir Vestige LE (Void)

Players

Rob - Winner!

  • Race: Protoss Protoss
  • League: Grandmaster
  • Spawn Location: 5:00

Railgan

  • Race: Zerg Zerg
  • League: Grandmaster
  • Spawn Location: 11:00

VOD

Have the link to the VOD?

Description

Time

  • Played on: March 3, 2017, 4:49 p.m.
  • Length: 7:09
Show
View Real Time Build Order
Export as new Build Order

Rob Protoss - Winner!

Build Orders: 1 Gate Expand, Mass Adepts 

Get SALT Encoding   

  12  0:01  Probe (Chrono Boost)  
  13  0:11  Probe (Chrono Boost)  
  14  0:19  Pylon  
  14  0:22  Probe (Chrono Boost)  
  15  0:37  Probe (Chrono Boost)  
  15  0:41  Gateway  
  16  0:43  Assimilator  
  16  0:48  Probe (Chrono Boost)  
  17  0:59  Probe (Chrono Boost)  
  18  1:09  Probe (Chrono Boost)  
  19  1:20  Probe (Chrono Boost)  
  20  1:25  Nexus  
  20  1:30  Probe (Chrono Boost)  
  21  1:40  Cybernetics Core  
  21  1:41  Probe (Chrono Boost)  
  21  1:46  Assimilator  
  22  1:52  Probe (Chrono Boost)  
  23  1:56  Pylon  
  23  2:09  Warp Gate  
  23  2:12  Adept  
  23  2:15  Probe (Chrono Boost)  
  26  2:27  Probe (Chrono Boost)  
  26  2:28  Twilight Council  
  27  2:41  Mothership Core (Chrono Boost), Probe (Chrono Boost)  
  27  2:44  Adept  
  32  2:53  Probe (Chrono Boost)  
  33  3:01  Probe (Chrono Boost)  
  33  3:03  Gateway  
  35  3:05  Probe (Chrono Boost)  
  35  3:06  Gateway, Resonating Glaives  
  35  3:15  Probe (Chrono Boost)  
  36  3:24  Adept, Probe (Chrono Boost)  
  40  3:27  Probe (Chrono Boost)  
  40  3:29  Pylon  
  40  3:34  Pylon  
  39  3:41  Probe (Chrono Boost)  
  39  3:43  Pylon  
  39  3:46  Probe (Chrono Boost)  
  40  3:48  Adept  
  40  3:52  Adept  
  40  3:53  Probe (Chrono Boost)  
  40  3:54  Adept  
  45  3:58  Probe (Chrono Boost)  
  48  4:05  Probe (Chrono Boost)  
  48  4:06  Pylon  
  49  4:10  Probe (Chrono Boost)  
  48  4:18  Probe (Chrono Boost)  
  48  4:22  Probe (Chrono Boost)  
  49  4:29  Probe (Chrono Boost)  
  50  4:32  Probe (Chrono Boost)  
  50  4:33  Adept x3  
  50  4:36  Robotics Facility  
  57  4:41  Probe (Chrono Boost)  
  57  4:43  Probe (Chrono Boost)  
  59  4:46  Assimilator  
  59  4:48  Assimilator  
  59  4:55  Adept x3  
  63  5:21  Adept x3  
  65  5:24  Probe x2 (Chrono Boost)  
  67  5:37  Probe (Chrono Boost)  
  67  5:38  Probe (Chrono Boost)  
  67  5:39  Warp Prism  
  63  5:43  Adept x3  
  65  6:05  Gateway  
  65  6:06  Gateway  
  65  6:08  Forge, Adept x2  
  65  6:09  Adept  
  67  6:30  Nexus  
  67  6:36  Pylon  
  67  6:41  Adept x3  
  55  7:04  Adept x2  
  55  7:05  Adept  
Show
View Real Time Build Order
Export as new Build Order

Railgan Zerg 

Build Orders: Hatch First 

Get SALT Encoding   

  12  0:01  Drone  
  13  0:12  Overlord  
  13  0:17  Drone  
  14  0:31  Drone  
  14  0:32  Drone  
  14  0:34  Drone  
  17  0:53  Hatchery  
  17  0:55  Drone  
  17  0:57  Drone  
  18  1:09  Extractor  
  17  1:12  Spawning Pool  
  17  1:16  Drone  
  17  1:18  Drone  
  18  1:28  Drone  
  20  1:40  Drone  
  20  1:49  Overlord  
  20  2:02  Queen  
  20  2:06  Zergling x4  
  20  2:07  Queen  
  26  2:11  Drone  
  27  2:17  Drone  
  27  2:21  Metabolic Boost  
  28  2:23  Drone  
  28  2:27  Drone  
  30  2:39  Drone x2  
  30  2:40  Queen  
  34  2:46  Overlord  
  34  2:48  Evolution Chamber  
  34  2:49  Queen  
  35  2:53  Drone  
  36  3:11  Drone  
  37  3:13  Zergling x2  
  37  3:14  Zergling x2  
  37  3:15  Zerg Melee Weapons Level 1  
  37  3:16  Drone x5  
  44  3:29  Overlord  
  44  3:34  Overlord  
  44  3:36  Overlord  
  44  3:39  Overlord  
  44  3:41  Extractor  
  44  3:44  Extractor, Drone x2  
  44  3:51  Drone x4  
  48  3:55  Lair  
  48  4:07  Drone  
  48  4:08  Zergling x2  
  50  4:16  Drone x2  
  50  4:17  Drone  
  50  4:18  Drone  
  50  4:21  Drone  
  53  4:25  Roach Warren  
  53  4:27  Drone x3  
  55  4:37  Extractor, Drone x2  
  55  4:38  Drone  
  57  4:39  Drone  
  57  4:40  Overlord  
  57  4:42  Zergling x2  
  59  4:51  Queen  
  59  4:52  Zergling x4  
  63  4:55  Hatchery  
  63  4:56  Zergling x4  
  63  4:58  Zergling x4  
  63  4:59  Zergling x2  
  66  5:06  Zergling x6  
  67  5:07  Queen  
  52  5:22  Roach  
  52  5:23  Roach  
  53  5:34  Roach  
  53  5:35  Drone  
  48  5:37  Drone  
  48  5:38  Roach  
  48  5:39  Roach x2  
  48  5:40  Roach  
  49  5:48  Roach  
  49  5:54  Drone  
  48  5:59  Drone  
  48  6:02  Drone  
  49  6:09  Drone  
  49  6:11  Drone x2  
  49  6:13  Drone x3  
  49  6:18  Drone  
  55  6:19  Drone  
  55  6:24  Drone x2  
  58  6:27  Drone  
  58  6:28  Drone  
  60  6:41  Roach x3  
  64  6:48  Roach  
Tags
 
Add a new tag
Caveats
  • Supply blocks, unpowered buildings, or Contaminate may cause inaccurate times.
  • Supply counts are checked every 10 seconds.